Workbook

Sheet Исходные данные
A2: Рабочий перечень ПНР вентиляции
A3: Версия 1.0, 07.10.2026. Учебный пример двух вытяжных систем, объёмы условные.
A5: Объект | C5: Учебный объект: две вытяжные системы
A6: Заказчик
A7: Исполнитель
A8: Проект / программа ПНР | C8: Учебная схема; номера точек условные
A9: Лист-основание
A10: Дата составления | C10: 46302
A11: База / редакция | C11: ГЭСНп ФСНБ-2022; для иллюстрации ФЕРп ФСНБ-2020
A12: Регион / территория | C12: Обычная территория (условие примера)
A13: Период расчёта
A14: Метод расчёта | C14: Ресурсные часы; отдельно базисная иллюстрация ФЕРп
A15: Комплекс / этап | C15: Полный комплекс ПНР
A16: Составил
A17: Проверил
A18: Согласовал перечень
A20: Марка | B20: Назначение | C20: Тип вентилятора | D20: Номер | E20: Число вентиляторов | F20: Другие агрегаты | G20: Число сетей | H20: Условия | I20: Сечения сети | J20: Основная норма сети
A21: В1 | B21: Вытяжная | C21: Радиальный | D21: 4 | E21: 1 | F21: Нет | G21: 1 | H21: Обычные; есть регулировочные устройства | I21: =IF(A21="",0,COUNTIFS('Сечения'!$A$7:$A$206,A21,'Сечения'!$E$7:$E$206,"Сеть",'Сечения'!$F$7:$F$206,"Да")) -> 12 | J21: =IF(I21=0,"нужны исходные данные",VLOOKUP(MIN(I21,75),$A$33:$C$39,2,TRUE)) -> 03-01-022-03
A22: В2 | B22: Вытяжная | C22: Радиальный | D22: 4 | E22: 1 | F22: Нет | G22: 1 | H22: Обычные; есть регулировочные устройства | I22: =IF(A22="",0,COUNTIFS('Сечения'!$A$7:$A$206,A22,'Сечения'!$E$7:$E$206,"Сеть",'Сечения'!$F$7:$F$206,"Да")) -> 80 | J22: =IF(I22=0,"нужны исходные данные",VLOOKUP(MIN(I22,75),$A$33:$C$39,2,TRUE)) -> 03-01-022-07
A24: Одна строка исходных данных описывает одну независимую сеть. Иные агрегаты и типы вентиляторов добавьте отдельными обоснованными строками.
A25: Сечения оборудования не включайте в число сечений сети. Номера точек и ссылки на схемы в примере условные, измеренные расходы не заданы.
A27: НР от ФОТ | B27: 0.74 | C27: ПНР: 74% обычная территория; 75% приравненные местности; 78% районы Крайнего Севера.
A28: СП от ФОТ | B28: 0.36 | C28: ПНР, кроме технологического оборудования АЭС: 36%. Для полного комплекса и подтверждённого вида работ.
A30: Коэффициенты условий, распределение этапов, текущие тарифы и индексы проверяют отдельно. Этот файл не рассчитывает текущую стоимость.
A32: От сечений | B32: Шифр | C32: Наименование нормы
A33: 1 | B33: 03-01-022-01 | C33: Сеть систем вентиляции и кондиционирования воздуха при количестве сечений: до 5
A34: 6 | B34: 03-01-022-02 | C34: Сеть систем вентиляции и кондиционирования воздуха при количестве сечений: до 10
A35: 11 | B35: 03-01-022-03 | C35: Сеть систем вентиляции и кондиционирования воздуха при количестве сечений: до 15
A36: 16 | B36: 03-01-022-04 | C36: Сеть систем вентиляции и кондиционирования воздуха при количестве сечений: до 20
A37: 21 | B37: 03-01-022-05 | C37: Сеть систем вентиляции и кондиционирования воздуха при количестве сечений: до 30
A38: 31 | B38: 03-01-022-06 | C38: Сеть систем вентиляции и кондиционирования воздуха при количестве сечений: до 50
A39: 51 | B39: 03-01-022-07 | C39: Сеть систем вентиляции и кондиционирования воздуха при количестве сечений: до 75
A41: Основание: ГЭСНп, сборник 3, пункты 1.3.17 и 1.3.18; таблица 03-01-022.
A42: https://fgiscs.minstroyrf.ru/api/FrsnDocument/DocDataByGuid/2016e18d-4005-4505-8c7b-65025821f7e0
A43: Основание НР: Методика 812/пр, строка 83. Основание СП: Методика 774/пр, строка 83.
A44: https://fgiscs.minstroyrf.ru/api/FrsnDocument/DocDataByGuid/44f562bc-1b1f-4f25-9dbc-96814fe71da9
A45: https://fgiscs.minstroyrf.ru/api/FrsnDocument/DocDataByGuid/46c3d291-86bc-46bf-9d12-3d81c5deb20b

Sheet Сечения
A2: Рабочий перечень ПНР вентиляции
A3: Версия 1.0, 07.10.2026. Учебный пример двух вытяжных систем, объёмы условные.
A6: Марка системы | B6: Номер точки | C6: Место на схеме | D6: Лист-основание | E6: Тип точки | F6: Включить в сеть | G6: Примечание | H6: Повтор номера
A7: В1 | B7: Т001 | C7: Условная точка сети 1 | D7: Учебная схема | E7: Сеть | F7: Да | G7: Расчётное сечение | H7: =IF(OR(A7="",B7=""),"",IF(COUNTIFS($A$7:$A$206,A7,$B$7:$B$206,B7)>1,"повтор номера",""))
A8: В1 | B8: Т002 | C8: Условная точка сети 2 | D8: Учебная схема | E8: Сеть | F8: Да | G8: Расчётное сечение | H8: =IF(OR(A8="",B8=""),"",IF(COUNTIFS($A$7:$A$206,A8,$B$7:$B$206,B8)>1,"повтор номера",""))
A9: В1 | B9: Т003 | C9: Условная точка сети 3 | D9: Учебная схема | E9: Сеть | F9: Да | G9: Расчётное сечение | H9: =IF(OR(A9="",B9=""),"",IF(COUNTIFS($A$7:$A$206,A9,$B$7:$B$206,B9)>1,"повтор номера",""))
A10: В1 | B10: Т004 | C10: Условная точка сети 4 | D10: Учебная схема | E10: Сеть | F10: Да | G10: Расчётное сечение | H10: =IF(OR(A10="",B10=""),"",IF(COUNTIFS($A$7:$A$206,A10,$B$7:$B$206,B10)>1,"повтор номера",""))
A11: В1 | B11: Т005 | C11: Условная точка сети 5 | D11: Учебная схема | E11: Сеть | F11: Да | G11: Расчётное сечение | H11: =IF(OR(A11="",B11=""),"",IF(COUNTIFS($A$7:$A$206,A11,$B$7:$B$206,B11)>1,"повтор номера",""))
A12: В1 | B12: Т006 | C12: Условная точка сети 6 | D12: Учебная схема | E12: Сеть | F12: Да | G12: Расчётное сечение | H12: =IF(OR(A12="",B12=""),"",IF(COUNTIFS($A$7:$A$206,A12,$B$7:$B$206,B12)>1,"повтор номера",""))
A13: В1 | B13: Т007 | C13: Условная точка сети 7 | D13: Учебная схема | E13: Сеть | F13: Да | G13: Расчётное сечение | H13: =IF(OR(A13="",B13=""),"",IF(COUNTIFS($A$7:$A$206,A13,$B$7:$B$206,B13)>1,"повтор номера",""))
A14: В1 | B14: Т008 | C14: Условная точка сети 8 | D14: Учебная схема | E14: Сеть | F14: Да | G14: Расчётное сечение | H14: =IF(OR(A14="",B14=""),"",IF(COUNTIFS($A$7:$A$206,A14,$B$7:$B$206,B14)>1,"повтор номера",""))
A15: В1 | B15: Т009 | C15: Условная точка сети 9 | D15: Учебная схема | E15: Сеть | F15: Да | G15: Расчётное сечение | H15: =IF(OR(A15="",B15=""),"",IF(COUNTIFS($A$7:$A$206,A15,$B$7:$B$206,B15)>1,"повтор номера",""))
A16: В1 | B16: Т010 | C16: Условная точка сети 10 | D16: Учебная схема | E16: Сеть | F16: Да | G16: Расчётное сечение | H16: =IF(OR(A16="",B16=""),"",IF(COUNTIFS($A$7:$A$206,A16,$B$7:$B$206,B16)>1,"повтор номера",""))
A17: В1 | B17: Т011 | C17: Условная точка сети 11 | D17: Учебная схема | E17: Сеть | F17: Да | G17: Расчётное сечение | H17: =IF(OR(A17="",B17=""),"",IF(COUNTIFS($A$7:$A$206,A17,$B$7:$B$206,B17)>1,"повтор номера",""))
A18: В1 | B18: Т012 | C18: Условная точка сети 12 | D18: Учебная схема | E18: Сеть | F18: Да | G18: Расчётное сечение | H18: =IF(OR(A18="",B18=""),"",IF(COUNTIFS($A$7:$A$206,A18,$B$7:$B$206,B18)>1,"повтор номера",""))
... A102: В2 | B102: О002 | C102: После вентилятора | D102: Учебная схема | E102: Оборудование | F102: Нет | G102: Учтено нормой вентилятора | H102: =IF(OR(A102="",B102=""),"",IF(COUNTIFS($A$7:$A$206,A102,$B$7:$B$206,B102)>1,"повтор номера",""))
H103: =IF(OR(A103="",B103=""),"",IF(COUNTIFS($A$7:$A$206,A103,$B$7:$B$206,B103)>1,"повтор номера",""))
H104: =IF(OR(A104="",B104=""),"",IF(COUNTIFS($A$7:$A$206,A104,$B$7:$B$206,B104)>1,"повтор номера",""))
H105: =IF(OR(A105="",B105=""),"",IF(COUNTIFS($A$7:$A$206,A105,$B$7:$B$206,B105)>1,"повтор номера",""))
H106: =IF(OR(A106="",B106=""),"",IF(COUNTIFS($A$7:$A$206,A106,$B$7:$B$206,B106)>1,"повтор номера",""))
H107: =IF(OR(A107="",B107=""),"",IF(COUNTIFS($A$7:$A$206,A107,$B$7:$B$206,B107)>1,"повтор номера",""))
H108: =IF(OR(A108="",B108=""),"",IF(COUNTIFS($A$7:$A$206,A108,$B$7:$B$206,B108)>1,"повтор номера",""))
H109: =IF(OR(A109="",B109=""),"",IF(COUNTIFS($A$7:$A$206,A109,$B$7:$B$206,B109)>1,"повтор номера",""))
H110: =IF(OR(A110="",B110=""),"",IF(COUNTIFS($A$7:$A$206,A110,$B$7:$B$206,B110)>1,"повтор номера",""))
H111: =IF(OR(A111="",B111=""),"",IF(COUNTIFS($A$7:$A$206,A111,$B$7:$B$206,B111)>1,"повтор номера",""))
H112: =IF(OR(A112="",B112=""),"",IF(COUNTIFS($A$7:$A$206,A112,$B$7:$B$206,B112)>1,"повтор номера",""))
H113: =IF(OR(A113="",B113=""),"",IF(COUNTIFS($A$7:$A$206,A113,$B$7:$B$206,B113)>1,"повтор номера",""))
H114: =IF(OR(A114="",B114=""),"",IF(COUNTIFS($A$7:$A$206,A114,$B$7:$B$206,B114)>1,"повтор номера",""))
... H206: =IF(OR(A206="",B206=""),"",IF(COUNTIFS($A$7:$A$206,A206,$B$7:$B$206,B206)>1,"повтор номера",""))

Sheet Подбор
A2: Рабочий перечень ПНР вентиляции
A3: Версия 1.0, 07.10.2026. Учебный пример двух вытяжных систем, объёмы условные.
A6: № | B6: Система | C6: Работа | D6: База | E6: Шифр | F6: Точное наименование | G6: Измеритель | H6: Фактическое количество | I6: Количество нормы | J6: Обоснование | K6: Включено / отдельно | L6: Проверил сметчик
A7: 1 | B7: ='Исходные данные'!A21&", "&'Исходные данные'!A22 -> В1, В2 | C7: Вентиляторы | D7: ГЭСНп ФСНБ-2022 | E7: =IF(AND(OR('Исходные данные'!C21="Радиальный",'Исходные данные'!C21="Диаметральный",'Исходные данные'!C21="Крышный"),OR('Исходные данные'!C22="Радиальный",'Исходные данные'!C22="Диаметральный",'Исходные данные'!C22="Крышный"),'Исходные данные'!D21>0,'Исходные данные'!D21<=5,'Исходные данные'!D22>0,'Исходные данные'!D22<=5),"03-01-002-13","") -> 03-01-002-13 | F7: =IF(E7="","нужны исходные данные",VLOOKUP(E7,'Расчёт'!$A$41:$J$49,2,FALSE)) -> Вентилятор радиальный (центробежный), диаметральный или крышный: до № 5 | G7: =IF(E7="","",VLOOKUP(E7,'Расчёт'!$A$41:$J$49,3,FALSE)) -> шт | H7: =IF(COUNT('Исходные данные'!E21:E22)<2,"",SUM('Исходные данные'!E21:E22)) -> 2 | I7: =IF(OR(E7="",H7=""),"",H7) -> 2 | J7: Тип радиальный / диаметральный / крышный, номер до 5; проверить оба вентилятора. | K7: Оборудование; сечения до и после не включены в сеть.
A8: 2 | B8: ='Исходные данные'!A21 -> В1 | C8: Основная сеть | D8: ГЭСНп ФСНБ-2022 | E8: =IF('Исходные данные'!I21=0,"",'Исходные данные'!J21) -> 03-01-022-03 | F8: =IF(E8="","нужны исходные данные",VLOOKUP(E8,'Расчёт'!$A$41:$J$49,2,FALSE)) -> Сеть систем вентиляции и кондиционирования воздуха при количестве сечений: до 15 | G8: =IF(E8="","",VLOOKUP(E8,'Расчёт'!$A$41:$J$49,3,FALSE)) -> сеть | H8: ='Исходные данные'!I21 -> 12 | I8: =IF(OR(E8="",'Исходные данные'!G21=""),"",'Исходные данные'!G21) -> 1 | J8: Количество сечений из реестра В1; одна независимая сеть. | K8: Сеть без сечений оборудования; состав по таблице и общим положениям.
A9: 3 | B9: ='Исходные данные'!A22 -> В2 | C9: Основная сеть | D9: ГЭСНп ФСНБ-2022 | E9: =IF('Исходные данные'!I22=0,"",'Исходные данные'!J22) -> 03-01-022-07 | F9: =IF(E9="","нужны исходные данные",VLOOKUP(E9,'Расчёт'!$A$41:$J$49,2,FALSE)) -> Сеть систем вентиляции и кондиционирования воздуха при количестве сечений: до 75 | G9: =IF(E9="","",VLOOKUP(E9,'Расчёт'!$A$41:$J$49,3,FALSE)) -> сеть | H9: ='Исходные данные'!I22 -> 80 | I9: =IF(OR(E9="",'Исходные данные'!G22=""),"",'Исходные данные'!G22) -> 1 | J9: Количество сечений из реестра В2; одна независимая сеть. | K9: Сеть без сечений оборудования; состав по таблице и общим положениям.
A10: 4 | B10: ='Исходные данные'!A22 -> В2 | C10: Добавка сверх 75 | D10: ГЭСНп ФСНБ-2022 | E10: =IF('Исходные данные'!I22>75,"03-01-022-08","") -> 03-01-022-08 | F10: =IF(E10="",IF(H10=0,"нужны исходные данные","добавка не требуется"),VLOOKUP(E10,'Расчёт'!$A$41:$J$49,2,FALSE)) -> За каждое дополнительное сечение в сети свыше 75 добавлять к норме 03-01-022-07 | G10: =IF(E10="","",VLOOKUP(E10,'Расчёт'!$A$41:$J$49,3,FALSE)) -> сеть | H10: ='Исходные данные'!I22 -> 80 | I10: =IF(E10="","",MAX(0,H10-75)) -> 5 | J10: За каждое сечение В2 сверх 75; количество = число сечений минус 75. | K10: Сеть без сечений оборудования; состав по таблице и общим положениям.
A11: 5 | B11: ='Исходные данные'!A21 -> В1 | C11: Резерв: добавка В1 | D11: ГЭСНп ФСНБ-2022 | E11: =IF('Исходные данные'!I21>75,"03-01-022-08","") | F11: =IF(E11="",IF(H11=0,"нужны исходные данные","добавка не требуется"),VLOOKUP(E11,'Расчёт'!$A$41:$J$49,2,FALSE)) -> добавка не требуется | G11: =IF(E11="","",VLOOKUP(E11,'Расчёт'!$A$41:$J$49,3,FALSE)) | H11: ='Исходные данные'!I21 -> 12 | I11: =IF(E11="","",MAX(0,H11-75)) | J11: Заполняется при числе сечений В1 больше 75; количество = число сечений минус 75. | K11: Сеть без сечений оборудования; состав по таблице и общим положениям.
A13: В примере четыре действующие строки. Пятая строка зарезервирована для добавки В1, если её число сечений превысит 75.
A14: Фактические сечения характеризуют выбор нормы; количество основных сетей берётся из исходных данных. Добавка не означает новые сети.
A15: Для другой комплектации, разных типов вентиляторов или большего числа систем перечень дополняет и проверяет сметчик.

Sheet Расчёт
A2: Рабочий перечень ПНР вентиляции
A3: Версия 1.0, 07.10.2026. Учебный пример двух вытяжных систем, объёмы условные.
A6: Шифр ГЭСНп | B6: Работа | C6: Количество нормы | D6: Рабочий 6 разряда, чел.-ч | E6: Техник первой категории, чел.-ч | F6: Инженер первой категории, чел.-ч | G6: Инженер второй категории, чел.-ч | H6: Ведущий инженер, чел.-ч | I6: Итого, чел.-ч
A7: =IF('Подбор'!E7="","",'Подбор'!E7) -> 03-01-002-13 | B7: ='Подбор'!C7 -> Вентиляторы | C7: =IF('Подбор'!I7="","",'Подбор'!I7) -> 2 | D7: =IF(OR($A7="",$C7=""),"",$C7*VLOOKUP($A7,$A$41:$J$49,4,FALSE)) -> 0 | E7: =IF(OR($A7="",$C7=""),"",$C7*VLOOKUP($A7,$A$41:$J$49,5,FALSE)) -> 2.88 | F7: =IF(OR($A7="",$C7=""),"",$C7*VLOOKUP($A7,$A$41:$J$49,6,FALSE)) -> 1.8 | G7: =IF(OR($A7="",$C7=""),"",$C7*VLOOKUP($A7,$A$41:$J$49,7,FALSE)) -> 1.8 | H7: =IF(OR($A7="",$C7=""),"",$C7*VLOOKUP($A7,$A$41:$J$49,8,FALSE)) -> 0.72 | I7: =IF(C7="","",SUM(D7:H7)) -> 7.2
A8: =IF('Подбор'!E8="","",'Подбор'!E8) -> 03-01-022-03 | B8: ='Подбор'!C8 -> Основная сеть | C8: =IF('Подбор'!I8="","",'Подбор'!I8) -> 1 | D8: =IF(OR($A8="",$C8=""),"",$C8*VLOOKUP($A8,$A$41:$J$49,4,FALSE)) -> 4.32 | E8: =IF(OR($A8="",$C8=""),"",$C8*VLOOKUP($A8,$A$41:$J$49,5,FALSE)) -> 2.88 | F8: =IF(OR($A8="",$C8=""),"",$C8*VLOOKUP($A8,$A$41:$J$49,6,FALSE)) -> 2.88 | G8: =IF(OR($A8="",$C8=""),"",$C8*VLOOKUP($A8,$A$41:$J$49,7,FALSE)) -> 2.88 | H8: =IF(OR($A8="",$C8=""),"",$C8*VLOOKUP($A8,$A$41:$J$49,8,FALSE)) -> 1.44 | I8: =IF(C8="","",SUM(D8:H8)) -> 14.4
A9: =IF('Подбор'!E9="","",'Подбор'!E9) -> 03-01-022-07 | B9: ='Подбор'!C9 -> Основная сеть | C9: =IF('Подбор'!I9="","",'Подбор'!I9) -> 1 | D9: =IF(OR($A9="",$C9=""),"",$C9*VLOOKUP($A9,$A$41:$J$49,4,FALSE)) -> 16.63 | E9: =IF(OR($A9="",$C9=""),"",$C9*VLOOKUP($A9,$A$41:$J$49,5,FALSE)) -> 11.09 | F9: =IF(OR($A9="",$C9=""),"",$C9*VLOOKUP($A9,$A$41:$J$49,6,FALSE)) -> 11.09 | G9: =IF(OR($A9="",$C9=""),"",$C9*VLOOKUP($A9,$A$41:$J$49,7,FALSE)) -> 11.09 | H9: =IF(OR($A9="",$C9=""),"",$C9*VLOOKUP($A9,$A$41:$J$49,8,FALSE)) -> 5.54 | I9: =IF(C9="","",SUM(D9:H9)) -> 55.44
A10: =IF('Подбор'!E10="","",'Подбор'!E10) -> 03-01-022-08 | B10: ='Подбор'!C10 -> Добавка сверх 75 | C10: =IF('Подбор'!I10="","",'Подбор'!I10) -> 5 | D10: =IF(OR($A10="",$C10=""),"",$C10*VLOOKUP($A10,$A$41:$J$49,4,FALSE)) -> 1.1 | E10: =IF(OR($A10="",$C10=""),"",$C10*VLOOKUP($A10,$A$41:$J$49,5,FALSE)) -> 0.7 | F10: =IF(OR($A10="",$C10=""),"",$C10*VLOOKUP($A10,$A$41:$J$49,6,FALSE)) -> 0.7 | G10: =IF(OR($A10="",$C10=""),"",$C10*VLOOKUP($A10,$A$41:$J$49,7,FALSE)) -> 0.7 | H10: =IF(OR($A10="",$C10=""),"",$C10*VLOOKUP($A10,$A$41:$J$49,8,FALSE)) -> 0.35 | I10: =IF(C10="","",SUM(D10:H10)) -> 3.55
A11: =IF('Подбор'!E11="","",'Подбор'!E11) | B11: ='Подбор'!C11 -> Резерв: добавка В1 | C11: =IF('Подбор'!I11="","",'Подбор'!I11) | D11: =IF(OR($A11="",$C11=""),"",$C11*VLOOKUP($A11,$A$41:$J$49,4,FALSE)) | E11: =IF(OR($A11="",$C11=""),"",$C11*VLOOKUP($A11,$A$41:$J$49,5,FALSE)) | F11: =IF(OR($A11="",$C11=""),"",$C11*VLOOKUP($A11,$A$41:$J$49,6,FALSE)) | G11: =IF(OR($A11="",$C11=""),"",$C11*VLOOKUP($A11,$A$41:$J$49,7,FALSE)) | H11: =IF(OR($A11="",$C11=""),"",$C11*VLOOKUP($A11,$A$41:$J$49,8,FALSE)) | I11: =IF(C11="","",SUM(D11:H11))
A12: Всего, чел.-ч | D12: =IF(COUNT(C7:C11)=0,"нужны исходные данные",SUM(D7:D11)) -> 22.05 | E12: =IF(COUNT(C7:C11)=0,"нужны исходные данные",SUM(E7:E11)) -> 17.55 | F12: =IF(COUNT(C7:C11)=0,"нужны исходные данные",SUM(F7:F11)) -> 16.47 | G12: =IF(COUNT(C7:C11)=0,"нужны исходные данные",SUM(G7:G11)) -> 16.47 | H12: =IF(COUNT(C7:C11)=0,"нужны исходные данные",SUM(H7:H11)) -> 8.05 | I12: =IF(COUNT(C7:C11)=0,"нужны исходные данные",SUM(I7:I11)) -> 80.59
A14: Учебная иллюстрация ФЕРп ФСНБ-2020, базисный уровень 2001 г. Полный комплекс, без коэффициентов условий.
A15: Прямые затраты выбранных строк состоят только из оплаты труда; ФОТ = ПЗ. Ниже начисления округляются по каждой строке.
A18: Шифр ФЕРп | B18: Работа | C18: Количество нормы | D18: Цена на единицу, руб. | E18: ПЗ, руб. | F18: ФОТ, руб. | G18: НР, руб. | H18: СП, руб. | I18: Сумма, руб.
A19: =IF(A7="","",A7) -> 03-01-002-13 | B19: =B7 -> Вентиляторы | C19: =IF(C7="","",C7) -> 2 | D19: =IF(A19="","",VLOOKUP(A19,$A$41:$J$49,10,FALSE)) -> 47.41 | E19: =IF(OR(A19="",C19=""),"",ROUND(C19*D19,2)) -> 94.82 | F19: =IF(E19="","",E19) -> 94.82 | G19: =IF(OR(F19="",'Исходные данные'!$B$27=""),"",ROUND(F19*'Исходные данные'!$B$27,2)) -> 70.17 | H19: =IF(OR(F19="",'Исходные данные'!$B$28=""),"",ROUND(F19*'Исходные данные'!$B$28,2)) -> 34.14 | I19: =IF(OR(F19="",G19="",H19=""),"",SUM(F19:H19)) -> 199.13
A20: =IF(A8="","",A8) -> 03-01-022-03 | B20: =B8 -> Основная сеть | C20: =IF(C8="","",C8) -> 1 | D20: =IF(A20="","",VLOOKUP(A20,$A$41:$J$49,10,FALSE)) -> 194.78 | E20: =IF(OR(A20="",C20=""),"",ROUND(C20*D20,2)) -> 194.78 | F20: =IF(E20="","",E20) -> 194.78 | G20: =IF(OR(F20="",'Исходные данные'!$B$27=""),"",ROUND(F20*'Исходные данные'!$B$27,2)) -> 144.14 | H20: =IF(OR(F20="",'Исходные данные'!$B$28=""),"",ROUND(F20*'Исходные данные'!$B$28,2)) -> 70.12 | I20: =IF(OR(F20="",G20="",H20=""),"",SUM(F20:H20)) -> 409.04
A21: =IF(A9="","",A9) -> 03-01-022-07 | B21: =B9 -> Основная сеть | C21: =IF(C9="","",C9) -> 1 | D21: =IF(A21="","",VLOOKUP(A21,$A$41:$J$49,10,FALSE)) -> 749.92 | E21: =IF(OR(A21="",C21=""),"",ROUND(C21*D21,2)) -> 749.92 | F21: =IF(E21="","",E21) -> 749.92 | G21: =IF(OR(F21="",'Исходные данные'!$B$27=""),"",ROUND(F21*'Исходные данные'!$B$27,2)) -> 554.94 | H21: =IF(OR(F21="",'Исходные данные'!$B$28=""),"",ROUND(F21*'Исходные данные'!$B$28,2)) -> 269.97 | I21: =IF(OR(F21="",G21="",H21=""),"",SUM(F21:H21)) -> 1574.83
A22: =IF(A10="","",A10) -> 03-01-022-08 | B22: =B10 -> Добавка сверх 75 | C22: =IF(C10="","",C10) -> 5 | D22: =IF(A22="","",VLOOKUP(A22,$A$41:$J$49,10,FALSE)) -> 9.6 | E22: =IF(OR(A22="",C22=""),"",ROUND(C22*D22,2)) -> 48 | F22: =IF(E22="","",E22) -> 48 | G22: =IF(OR(F22="",'Исходные данные'!$B$27=""),"",ROUND(F22*'Исходные данные'!$B$27,2)) -> 35.52 | H22: =IF(OR(F22="",'Исходные данные'!$B$28=""),"",ROUND(F22*'Исходные данные'!$B$28,2)) -> 17.28 | I22: =IF(OR(F22="",G22="",H22=""),"",SUM(F22:H22)) -> 100.8
A23: =IF(A11="","",A11) | B23: =B11 -> Резерв: добавка В1 | C23: =IF(C11="","",C11) | D23: =IF(A23="","",VLOOKUP(A23,$A$41:$J$49,10,FALSE)) | E23: =IF(OR(A23="",C23=""),"",ROUND(C23*D23,2)) | F23: =IF(E23="","",E23) | G23: =IF(OR(F23="",'Исходные данные'!$B$27=""),"",ROUND(F23*'Исходные данные'!$B$27,2)) | H23: =IF(OR(F23="",'Исходные данные'!$B$28=""),"",ROUND(F23*'Исходные данные'!$B$28,2)) | I23: =IF(OR(F23="",G23="",H23=""),"",SUM(F23:H23))
A24: Всего, руб. | E24: =IF(OR(COUNT(E19:E23)=0,COUNT(E19:E23)<>COUNT(C19:C23)),"нужны исходные данные",SUM(E19:E23)) -> 1087.52 | F24: =IF(OR(COUNT(F19:F23)=0,COUNT(F19:F23)<>COUNT(C19:C23)),"нужны исходные данные",SUM(F19:F23)) -> 1087.52 | G24: =IF(OR(COUNT(G19:G23)=0,COUNT(G19:G23)<>COUNT(C19:C23)),"нужны исходные данные",SUM(G19:G23)) -> 804.77 | H24: =IF(OR(COUNT(H19:H23)=0,COUNT(H19:H23)<>COUNT(C19:C23)),"нужны исходные данные",SUM(H19:H23)) -> 391.51 | I24: =IF(OR(COUNT(I19:I23)=0,COUNT(I19:I23)<>COUNT(C19:C23)),"нужны исходные данные",SUM(I19:I23)) -> 2283.8
A26: Сумма выбранных ПНР с НР и СП, до иных затрат и налогов. ГЭСНп и ФЕРп не складывают в один денежный итог.
A27: Базисный уровень 2001 года. Текущая стоимость: регион, период, метод, тарифы труда и применимые индексы заполняются и проверяются отдельно.
A29: Показаны только строки с исходными данными. Пропуски объёмов и ставок НР/СП необходимо устранить перед передачей расчёта.
A40: Шифр | B40: Название нормы | C40: Измеритель | D40: Рабочий 6 разряда | E40: Техник первой категории | F40: Инженер первой категории | G40: Инженер второй категории | H40: Ведущий инженер | I40: Чел.-ч на единицу | J40: ФЕРп, базисная цена 2001 г.
A41: 03-01-002-13 | B41: Вентилятор радиальный (центробежный), диаметральный или крышный: до № 5 | C41: шт | D41: 0 | E41: 1.44 | F41: 0.9 | G41: 0.9 | H41: 0.36 | I41: =SUM(D41:H41) -> 3.6 | J41: 47.41
A42: 03-01-022-01 | B42: Сеть систем вентиляции и кондиционирования воздуха при количестве сечений: до 5 | C42: сеть | D42: 2.16 | E42: 1.44 | F42: 1.44 | G42: 1.44 | H42: 0.72 | I42: =SUM(D42:H42) -> 7.2 | J42: 97.4
A43: 03-01-022-02 | B43: Сеть систем вентиляции и кондиционирования воздуха при количестве сечений: до 10 | C43: сеть | D43: 3.02 | E43: 2.02 | F43: 2.02 | G43: 2.02 | H43: 1.01 | I43: =SUM(D43:H43) -> 10.09 | J43: 136.49
A44: 03-01-022-03 | B44: Сеть систем вентиляции и кондиционирования воздуха при количестве сечений: до 15 | C44: сеть | D44: 4.32 | E44: 2.88 | F44: 2.88 | G44: 2.88 | H44: 1.44 | I44: =SUM(D44:H44) -> 14.4 | J44: 194.78
A45: 03-01-022-04 | B45: Сеть систем вентиляции и кондиционирования воздуха при количестве сечений: до 20 | C45: сеть | D45: 5.62 | E45: 3.74 | F45: 3.74 | G45: 3.74 | H45: 1.87 | I45: =SUM(D45:H45) -> 18.71 | J45: 253.09
A46: 03-01-022-05 | B46: Сеть систем вентиляции и кондиционирования воздуха при количестве сечений: до 30 | C46: сеть | D46: 7.56 | E46: 5.04 | F46: 5.04 | G46: 5.04 | H46: 2.52 | I46: =SUM(D46:H46) -> 25.2 | J46: 340.88
A47: 03-01-022-06 | B47: Сеть систем вентиляции и кондиционирования воздуха при количестве сечений: до 50 | C47: сеть | D47: 12.1 | E47: 8.06 | F47: 8.06 | G47: 8.06 | H47: 4.03 | I47: =SUM(D47:H47) -> 40.31 | J47: 545.27
A48: 03-01-022-07 | B48: Сеть систем вентиляции и кондиционирования воздуха при количестве сечений: до 75 | C48: сеть | D48: 16.63 | E48: 11.09 | F48: 11.09 | G48: 11.09 | H48: 5.54 | I48: =SUM(D48:H48) -> 55.44 | J48: 749.92
A49: 03-01-022-08 | B49: За каждое дополнительное сечение в сети свыше 75 добавлять к норме 03-01-022-07 | C49: сеть | D49: 0.22 | E49: 0.14 | F49: 0.14 | G49: 0.14 | H49: 0.07 | I49: =SUM(D49:H49) -> 0.71 | J49: 9.6
A51: Нормативные исходные данные: ГЭСНп ФСНБ-2022, таблицы 03-01-002 и 03-01-022; базисные аналоги ФЕРп ФСНБ-2020.
A52: https://fgiscs.minstroyrf.ru/api/FrsnDocument/DocDataByGuid/2016e18d-4005-4505-8c7b-65025821f7e0
